 Dungeon Crawl Stone Soup version 0.23.2-1-ga50397a (webtiles) character file.

Game seed: 3269508150298150728

21148 Mrkaede the Cleaver (level 12, -1/96 HPs)
             Began as a Demonspawn Gladiator on Apr 24, 2019.
             Was a High Priest of Makhleb.
             Slain by a wolf spider simulacrum (12 damage)
             ... in a Gauntlet.
             The game lasted 00:31:43 (13414 turns).

Mrkaede the Cleaver (Demonspawn Gladiator)         Turns: 13414, Time: 00:31:43

Health: -1/96      AC: 20    Str: 27    XL:     12   Next: 51%
Magic:  0/14       EV: 20    Int: 10    God:    Makhleb [*****.]
Gold:   876        SH:  0    Dex: 28    Spells: 11/11 levels left

rFire    . . .     SeeInvis +   M - +8 war axe of the Scroll {chop, +Inv MR- Str+4 Dex+2 Stlth+}
rCold    + . .     Gourm    .   (no shield)
rNeg     . . .     Faith    .   V - +0 plate armour
rPois    .         Spirit   +   (helmet restricted)
rElec    .         Reflect  .   v - +0 cloak
rCorr    .         Harm     .   A - +2 pair of gloves
MR       .....     NoTele   +   T - +0 pair of boots {Fly}
Stlth    ..........             O - amulet of guardian spirit
HPRegen  0.26/turn              Y - ring of see invisible
MPRegen  0.14/turn              c - ring "Kezau" {*Slow rC+ Dex+5}

@: mighty, agile, flying
A: claws 1, horns 2, talons 2, powered by pain 1, spiny 1
a: Minor Destruction, Lesser Servant of Makhleb, Major Destruction, Greater
Servant of Makhleb, Renounce Religion, Evoke Invisibility, Stop Flying


You were in a Gauntlet.
You worshipped Makhleb.
Makhleb was extremely pleased with you.
You were not hungry.

You visited 2 branches of the dungeon, and saw 13 of its levels.
You also visited: Gauntlet.

You collected 902 gold pieces.
You spent 26 gold pieces at shops.

Inventory:

Hand Weapons
 M - the +8 war axe of the Scroll (weapon) {chop, +Inv MR- Str+4 Dex+2 Stlth+}
   (You found it on level 9 of the Dungeon)

   It inflicts extra damage upon your enemies.
   It affects your strength (+4).
   It affects your dexterity (+2).
   It affects your resistance to hostile enchantments.
   It lets you turn invisible.
   It makes you more stealthy.
Missiles
 a - 4 javelins
 d - 3 throwing nets (quivered)
 N - 5 tomahawks
 Q - 6 tomahawks of dispersal
Armour
 v - a +0 cloak (worn)
 y - a +2 shield
 A - a +2 pair of gloves (worn)
 B - a scarf of repulsion
 T - a +0 pair of boots of flying (worn)
 V - a +0 plate armour (worn)
Jewellery
 b - an uncursed ring of fire
 c - the ring "Kezau" (right hand) {*Slow rC+ Dex+5}
   (You found it in a Gauntlet)

   [ring of protection from cold]

   It affects your dexterity (+5).
   It protects you from cold.
   It may slow you when you take damage.
 t - an uncursed ring of resist corrosion
 z - an uncursed ring of poison resistance
 O - an amulet of guardian spirit (around neck)
 Y - a ring of see invisible (left hand)
Wands
 F - a wand of flame (40)
 J - a wand of disintegration (11)
 S - a wand of paralysis (15)
Scrolls
 g - 3 scrolls of fear
 h - 8 scrolls of remove curse
 i - 6 scrolls of teleportation
 j - a scroll of holy word
 l - 2 scrolls of identify
 q - a scroll of enchant armour
 s - a scroll of blinking
 x - 3 scrolls of summoning
 D - 2 scrolls of amnesia
 Z - a scroll of brand weapon
Potions
 e - 2 potions of brilliance
 k - 4 potions of haste
 m - 3 potions of flight
 n - 2 potions of heal wounds
 o - 4 potions of lignification
 p - 2 potions of invisibility
 r - 2 potions of agility
 u - 2 potions of resistance
 w - a potion of ambrosia
 E - 5 potions of curing
 P - a potion of berserk rage
 R - a potion of might
Comestibles
 f - 17 rations


   Skills:
 * Level 9.5 Fighting
 * Level 9.6 Axes
 + Level 6.1 Throwing
 * Level 8.6 Armour
 * Level 9.1 Dodging
 - Level 0.2 Stealth
 + Level 5.6 Unarmed Combat
 + Level 3.1 Invocations


You had 11 spell levels left.
You didn't know any spells.
Your spell library contained the following spells:

 Spells                   Type           Power        Failure   Level  Hunger
 Animate Skeleton         Necr           N/A          98%         1    ##.....
 Corona                   Hex            #......      98%         1    ##.....
 Magic Dart               Conj           #...         98%         1    ##.....
 Pain                     Necr           #...         98%         1    ##.....
 Summon Small Mammal      Summ           #...         98%         1    ##.....
 Blink                    Tloc           N/A          99%         2    ###....
 Call Imp                 Summ           #.......     99%         2    ###....
 Ensorcelled Hibernation  Hex/Ice        #.....       99%         2    ###....
 Slow                     Hex            #.......     99%         2    ###....
 Call Canine Familiar     Summ           #.......     100%        3    ####...
 Confuse                  Hex            #.......     100%        3    ####...
 Conjure Flame            Conj/Fire      #.......     100%        3    ####...
 Dazzling Spray           Conj/Hex       #.....       100%        3    ####...
 Mephitic Cloud           Conj/Pois/Air  #.......     100%        3    ####...
 Regeneration             Chrm/Necr      #.........   100%        3    ####...
 Summon Guardian Golem    Hex/Summ       #.......     100%        3    ####...
 Tukima's Dance           Hex            #.......     100%        3    ####...
 Vampiric Draining        Necr           #.........   100%        3    ####...
 Animate Dead             Necr           N/A          100%        4    #####..
 Summon Ice Beast         Ice/Summ       #.......     100%        4    #####..
 Summon Lightning Spire   Summ/Air       #.......     100%        4    #####..


Dungeon Overview and Level Annotations

Branches:
Dungeon (12/15)            Temple (1/1) D:4            Lair (0/6) D:9
    Orc (0/2) D:10

Altars:
Ashenzari
Cheibriados
Dithmenos
Elyvilon
Fedhas
Gozag
Hepliaklqana
Kikubaaqudgha
Makhleb
Nemelex Xobeh
Okawaru
Qazlal
Ru
Sif Muna
Trog
Uskayaw
Vehumet
Wu Jian
Xom
Yredelemnul
Zin
The Shining One

Shops:
D:7 (   D:8 *   D:11 %%

Annotations:
D:8 4 runed translucent doors Gauntlet 13 transporters, 21 runed translucent doors, exclusion: orange crystal statue


Innate Abilities, Weirdness & Mutations

You have sharp fingernails.
You have a pair of horns on your head.
You have razor-sharp toenails.
You sometimes gain a little power by taking damage.
You are partially covered in sharp spines.


Message History

The wolf spider simulacrum barely misses you.
The wolf spider simulacrum bites you but does no damage.
You slash the wolf spider simulacrum!
You headbutt the wolf spider simulacrum!
The wolf spider simulacrum vapourises!
Makhleb accepts your kill.
You feel better.
You slash the wolf spider simulacrum!
The wolf spider simulacrum is struck by your spines.
The wolf spider simulacrum closely misses you.
The wolf spider simulacrum bites you. The wolf spider simulacrum freezes you!
You resist. The wolf spider simulacrum hits you.
The wolf spider simulacrum freezes you! You resist.
You focus on the pain.
You feel agile all of a sudden. The wolf spider simulacrum bites you.
The wolf spider simulacrum freezes you! You resist.
* * * LOW HITPOINT WARNING * * *
The wolf spider simulacrum hits you!
* * * LOW HITPOINT WARNING * * *
The wolf spider simulacrum freezes you! You resist.
You die...

##########################
###≈........................
#8#.........................
###.###########.###########.
#.#...$©$#.=#.#..$=©?...#.
###.#.....#...#.#...#.#...#.
#8#.##....#...#.#....#....#.
###.#.##.#Z...#.#.#..#..#.#.
#.#...###@..#.#.#######.#.
###.#....#Z##.#.#Y#..#©.#.#.
#8#.#...#..°.##.#YY..#....#.
###.#...#.....#.#Y..###...#.
#.#..#......#.#.........#.
###.########################
#8#.....#©...........©......
###≈....#############.######
####..............#.#≈≈8≈≈


You could see a dire elephant, 3 elephants and 2 wolf spider simulacra.

Vanquished Creatures
  Gastronok (D:10)
  A death ooze (Gauntlet)
  Fannar (D:10)
  A centaur warrior (D:11)
  6 two-headed ogres
  Urug (D:10)
  2 unseen horrors (D:10)
  An ugly thing (D:11)
  A smoke demon (Gauntlet)
  A gargoyle (D:11)
  An efreet (D:10)
  A red devil (Gauntlet)
  3 trolls
  A hornet (D:8)
  2 wolf spider simulacra (Gauntlet)
  Grinder (D:2)
  A hippogriff (D:9)
  3 wyverns
  A vampire mosquito (D:9)
  A harpy simulacrum (Gauntlet)
  A warg (D:10)
  2 water moccasins
  Duvessa (D:6)
  3 porcupines (D:9)
  5 orc warriors
  4 ice beasts
  3 black bears
  3 phantoms
  3 sky beasts
  5 ogres
  10 centaurs
  3 crocodiles (D:9)
  4 big kobolds
  3 bullfrogs
  Dowan (D:6)
  2 wyvern zombies
  6 scorpions
  12 killer bees
  10 wights
  3 howler monkeys
  9 crimson imps
  A bullfrog zombie (D:11)
  3 hounds
  A jelly (D:5)
  4 quasits
  2 centaur zombies (D:11)
  A bullfrog skeleton (D:10)
  2 centaur skeletons
  Crazy Yiuf (D:4)
  9 orc priests
  An iron imp (D:8)
  7 orc wizards
  7 worker ants
  2 iguanas
  2 killer bee zombies
  A hound zombie (D:10)
  A hound skeleton (D:9)
  A howler monkey zombie (D:9)
  A howler monkey skeleton (D:3)
  2 worker ant zombies
  11 adders
  2 shadow imps
  2 oozes
  An adder skeleton (D:6)
  An adder zombie (D:7)
  3 worms
  A dart slug (D:2)
  4 leopard geckos
  63 orcs
  5 bats
  5 giant cockroaches
  5 goblins
  8 hobgoblins
  22 jackals
  A quokka (D:6)
  A ball python (D:6)
  5 frilled lizards
  23 kobolds
  6 rats
  2 plants (D:9)
344 creatures vanquished.

Vanquished Creatures (others)
  A sky beast (D:10)
  A worker ant zombie (D:10)
  2 orcs (D:8)
  5 fungi (D:9)
  2 plants (D:9)
  14 withered plants (Gauntlet)
25 creatures vanquished.

Grand Total: 369 creatures vanquished

Notes
Turn   | Place    | Note
-------+----------+-------------------------------------------
     0 | D:1      | Mrkaede the Demonspawn Gladiator began the quest for the
                  | Orb.
     0 | D:1      | Reached XP level 1. HP: 16/16 MP: 1/1
   127 | D:1      | Gained mutation: You have sharp fingernails. [demonic
                  | ancestry]
   127 | D:1      | Reached XP level 2. HP: 22/22 MP: 2/2
   952 | D:2      | Gained mutation: You have sharp toenails. [demonic
                  | ancestry]
   952 | D:2      | Reached XP level 3. HP: 25/28 MP: 3/3
  1294 | D:2      | Found an ancient bone altar of Kikubaaqudgha.
  2083 | D:3      | Noticed Grinder
  2536 | D:2      | Reached XP level 4. HP: 18/34 MP: 4/4
  2541 | D:2      | Killed Grinder
  2541 | D:2      | Gained mutation: You have a pair of small horns on your
                  | head. [demonic ancestry]
  2541 | D:2      | Reached XP level 5. HP: 5/41 MP: 5/5
  2835 | D:3      | Gained mutation: You have a pair of horns on your head.
                  | [demonic ancestry]
  2835 | D:3      | Reached XP level 6. HP: 41/47 MP: 6/6
  3163 | D:3      | Found a white marble altar of Elyvilon.
  3164 | D:3      | Found a radiant altar of Vehumet.
  3289 | D:3      | Found an iron altar of Okawaru.
  3481 | D:4      | Found a staircase to the Ecumenical Temple.
  3494 | Temple   | Entered the Ecumenical Temple
  3842 | D:4      | Found a shimmering altar of Xom.
  4224 | D:4      | Found a runed translucent door.
  4225 | D:4      | Noticed Crazy Yiuf
  4230 | D:4      | Killed Crazy Yiuf
  4230 | D:4      | Reached skill level 5 in Axes
  4839 | D:5      | Entered Level 5 of the Dungeon
  4843 | D:5      | Noticed an ice beast
  4854 | D:5      | Killed an ice beast
  4854 | D:5      | Reached XP level 7. HP: 37/52 MP: 7/7
  4927 | D:5      | Reached skill level 1 in Unarmed Combat
  5700 | D:5      | Found a burning altar of Makhleb.
  5724 | D:5      | Found a hazy altar of Hepliaklqana.
  5743 | D:5      | Became a worshipper of Makhleb the Destroyer
  6206 | D:5      | Gained mutation: You sometimes gain a little power by
                  | taking damage. [demonic ancestry]
  6206 | D:5      | Reached XP level 8. HP: 43/60 MP: 8/8
  6531 | D:6      | Noticed Duvessa
  6532 | D:6      | Noticed Dowan
  6539 | D:6      | Killed Duvessa
  6543 | D:6      | Killed Dowan
  6543 | D:6      | Reached skill level 5 in Dodging
  7139 | D:6      | Reached * piety under Makhleb
  7139 | D:6      | Reached skill level 5 in Fighting
  7474 | D:7      | Found Wiwirchuc's Antique Weapon Emporium.
  7986 | D:6      | Gained mutation: You are partially covered in sharp spines.
                  | [demonic ancestry]
  7986 | D:6      | Reached XP level 9. HP: 25/68 MP: 9/9
  8267 | D:7      | Found a hide-covered altar of Uskayaw.
  8273 | D:7      | Found a shadowy altar of Dithmenos.
  8436 | D:7      | Found an opulent altar of Gozag.
  8481 | D:7      | Noticed a two-headed ogre
  8492 | D:7      | Killed a two-headed ogre
  8492 | D:7      | Reached skill level 5 in Armour
  8924 | D:8      | Found Fili Moe's General Store.
  8955 | D:7      | Reached ** piety under Makhleb
  9049 | D:8      | Bought a scroll of identify for 26 gold pieces
  9240 | D:8      | Reached XP level 10. HP: 49/77 MP: 10/10
  9383 | D:8      | Found a huge runed translucent gate.
  9384 | D:8      | Found a huge runed translucent gate.
  9385 | D:8      | Found a huge runed translucent gate.
  9385 | D:8      | Noticed a death yak
  9386 | D:8      | Found a huge runed translucent gate.
  9409 | D:8      | Reached *** piety under Makhleb
  9599 | D:8      | Found a bloodstained altar of Trog.
  9699 | D:8      | Found a snail-covered altar of Cheibriados.
  9733 | D:8      | Found a deep blue altar of Sif Muna.
 10047 | D:9      | Found a staircase to the Lair.
 10481 | D:9      | Noticed a two-headed ogre
 10488 | D:9      | Killed a two-headed ogre
 10699 | D:9      | Found a sacrificial altar of Ru.
 10864 | D:9      | Got a crude war axe
 10865 | D:9      | Identified the +8 war axe of the Scroll {chop, +Inv MR-
                  | Str+4 Dex+2 Stlth+} (You found it on level 9 of the
                  | Dungeon)
 10939 | D:10     | Entered Level 10 of the Dungeon
 10939 | D:10     | Noticed Fannar
 10947 | D:10     | Killed Fannar
 10947 | D:10     | Reached skill level 5 in Throwing
 10947 | D:10     | Gained mutation: You have razor-sharp toenails. [demonic
                  | ancestry]
 10947 | D:10     | Reached XP level 11. HP: 82/86 MP: 11/11
 10975 | D:10     | Reached **** piety under Makhleb
 10982 | D:10     | Noticed Urug
 10984 | D:10     | Found a staircase to the Orcish Mines.
 10986 | D:10     | Paralysed by Urug for 4 turns
 10990 | D:10     | Noticed Gastronok
 10993 | D:10     | Paralysed by Urug for 4 turns
 11006 | D:10     | Killed an unseen horror
 11007 | D:10     | Paralysed by Urug for 7 turns
 11430 | D:10     | Killed Gastronok
 11452 | D:10     | Killed Urug
 11500 | D:10     | Noticed a two-headed ogre
 11512 | D:10     | Killed a two-headed ogre
 11541 | D:10     | Killed an unseen horror
 11541 | D:10     | Reached skill level 5 in Unarmed Combat
 11579 | D:10     | Identified a scroll of acquirement
 11703 | D:10     | Paralysed by a centaur for 5 turns
 12001 | D:11     | Found Uqon's Food Emporium.
 12034 | D:11     | Noticed a two-headed ogre
 12043 | D:11     | Killed a two-headed ogre
 12043 | D:11     | Reached skill level 1 in Invocations
 12266 | D:11     | Found Idghed's Food Shop.
 12279 | D:11     | Reached XP level 12. HP: 94/94 MP: 12/12
 12306 | D:11     | Noticed a two-headed ogre
 12312 | D:11     | Killed a two-headed ogre
 12341 | D:11     | Noticed a centaur warrior
 12349 | D:11     | Killed a centaur warrior
 12498 | D:11     | Noticed a two-headed ogre
 12507 | D:11     | Killed a two-headed ogre
 12604 | D:11     | Found a deep blue altar of Sif Muna.
 12676 | D:11     | Reached ***** piety under Makhleb
 12853 | D:12     | Found a gate leading to a gauntlet.
 12858 | Gauntlet | Entered a Gauntlet
 12858 | Gauntlet | Found a transporter.
 12859 | Gauntlet | Found a large runed translucent door.
 12860 | Gauntlet | Found a large runed translucent door.
 12861 | Gauntlet | Found a large runed translucent door.
 12861 | Gauntlet | Found a large runed translucent door.
 12861 | Gauntlet | Found a runed translucent door.
 12862 | Gauntlet | Found a large runed translucent door.
 12863 | Gauntlet | Found a large runed translucent door.
 12864 | Gauntlet | Found a large runed translucent door.
 12864 | Gauntlet | Found a large runed translucent door.
 12865 | Gauntlet | Found a runed translucent gate.
 12865 | Gauntlet | Found a runed translucent gate.
 12867 | Gauntlet | Found a transporter.
 12875 | Gauntlet | Found a runed translucent gate.
 12875 | Gauntlet | Found a runed translucent door.
 12876 | Gauntlet | Found a large runed translucent door.
 12876 | Gauntlet | Found a large runed translucent door.
 12877 | Gauntlet | Found a large runed translucent door.
 12878 | Gauntlet | Found a large runed translucent door.
 12882 | Gauntlet | Found a transporter.
 12887 | Gauntlet | Found a transporter.
 12894 | Gauntlet | Noticed a blizzard demon
 12913 | Gauntlet | Found a transporter.
 12922 | Gauntlet | Found a transporter.
 12922 | Gauntlet | Noticed a death yak
 12922 | Gauntlet | Noticed a death yak
 12924 | Gauntlet | Noticed a death yak
 12925 | Gauntlet | Noticed a death yak
 12925 | Gauntlet | Noticed a death yak
 12934 | Gauntlet | Found a transporter.
 12946 | Gauntlet | Found a transporter.
 12956 | Gauntlet | Noticed a dire elephant
 12958 | Gauntlet | Found a transporter.
 12970 | Gauntlet | Found a transporter.
 12987 | Gauntlet | Found a transporter.
 13005 | Gauntlet | Found a transporter.
 13007 | Gauntlet | Found a transporter.
 13032 | Gauntlet | Noticed a death ooze
 13033 | Gauntlet | Found a transporter.
 13049 | Gauntlet | Found a large runed translucent door.
 13049 | Gauntlet | Found a large runed translucent door.
 13050 | Gauntlet | Found a large runed translucent door.
 13051 | Gauntlet | Found a large runed translucent door.
 13053 | Gauntlet | Found a transporter.
 13131 | Gauntlet | Found a transporter.
 13151 | Gauntlet | Found a transporter.
 13173 | Gauntlet | Found a transporter.
 13259 | Gauntlet | Killed a death ooze
 13286 | Gauntlet | Got a scintillating bronze ring
 13288 | Gauntlet | Identified the ring "Kezau" {*Slow rC+ Dex+5} (You found it
                  | in a Gauntlet)
 13414 | Gauntlet | Slain by a wolf spider simulacrum

Skill      XL: |  1  2  3  4  5  6  7  8  9 10 11 12 |
---------------+-------------------------------------+-----
Axes           | 3 4 5 6 7 8 9 |  9.6
Dodging        | 3 4 5 6 7 8 9 |  9.1
Fighting       | 3 4 5 6 7 8 9 |  9.5
Armour         | 2 3 4 5 6 8 |  8.6
Throwing       | 2 3 4 5 6 |  6.1
Unarmed Combat | 1 2 3 4 5 |  5.6
Invocations    | 1 3 |  3.1
Stealth        | |  0.2

Action                   |  1- 3 |  4- 6 |  7- 9 | 10-12 || total
-------------------------+-------+-------+-------+-------++-------
Melee: War axe           |    89 |    80 |   301 |   222 ||   692
       Kick              |    10 |    20 |    84 |    67 ||   181
       Headbutt          |       |    14 |    54 |    81 ||   149
       Battleaxe         |       |       |       |   103 ||   103
       Punch             |       |       |       |     2 ||     2
Throw: Throwing net      |     1 |       |     2 |     2 ||     5
  Use: Potion            |     4 |     3 |     3 |     4 ||    14
       Scroll            |     4 |       |    15 |    10 ||    29
 Stab: Sleeping          |     1 |       |       |       ||     1
       Invisible         |       |       |     4 |       ||     4
       Held in net/web   |       |       |     1 |       ||     1
  Eat: Chunk             |     2 |     3 |     9 |    11 ||    25
       Ration            |     1 |     1 |     2 |     1 ||     5
Armor: Leather armour    |    19 |    10 |       |       ||    29
       Chain mail        |       |    39 |   169 |   132 ||   340
       Plate armour      |       |       |       |   100 ||   100
Dodge: Dodged            |    82 |    44 |   149 |   267 ||   542
